 Dungeon Crawl Stone Soup version 0.26.1-11-gd32895ea62 (webtiles) character file.

Game seed: 360833883667160536

179 nothank2 the Slasher (level 5, -2/41 HPs)
             Began as a Demonspawn Abyssal Knight on July 7, 2021.
             Was a Believer of Lugonu.
             Slain by Sigmund
             ... wielding a +0 scythe
              (11 damage)
             ... on level 4 of the Dungeon.
             The game lasted 00:07:08 (3690 turns).

nothank2 the Slasher (Demonspawn Abyssal Knight)    Turns: 3690, Time: 00:07:09

Health: -2/41      AC:  9    Str: 13    XL:     5   Next: 33%
Magic:  15/15      EV:  6    Int: 14    God:    Lugonu [**....]
Gold:   172        SH:  0    Dex: 12    Spells: 4/4 levels left

rFire    . . .     SeeInvis .   p - +0 long sword
rCold    . . .     Faith    .   (no shield)
rNeg     . . .     Spirit   .   t - +0 chain mail
rPois    .         Reflect  .   (helmet restricted)
rElec    .         Harm     .   u - +0 cloak
rCorr    .         Rampage  .   (no gloves)
Will     .....                  (no boots)
Stlth    ..........             (no amulet)
HPRegen  0.13/turn              g - ring of magical power
MPRegen  0.14/turn              (no ring)

@: no status effects
A: antennae 1, claws 2, demonic guardian 1
a: Renounce Religion, Depart the Abyss, Bend Space


You were on level 4 of the Dungeon.
You worshipped Lugonu.
Lugonu was pleased with you.
You visited 1 branch of the dungeon, and saw 4 of its levels.
You visited the Abyss 1 time.

You collected 172 gold pieces.

Inventory:

Hand Weapons
 a - a +1 falchion
 i - a +1 dire flail of protection
 p - a +0 long sword (weapon)
 s - a +1 vampiric war axe
Missiles
 e - 4 poisoned darts (quivered)
Armour
 b - a +0 leather armour
 t - a +0 chain mail (worn)
 u - a +0 cloak (worn)
Jewellery
 g - a ring of magical power (left claw)
 o - an uncursed amulet of the acrobat {unknown}
Scrolls
 f - 3 scrolls of identify {unknown}
 l - 3 scrolls of fog {unknown}
 n - 2 scrolls of enchant armour {unknown}
Potions
 c - a potion of berserk rage {unknown}
 d - 2 potions of curing {unknown}
 h - a potion of heal wounds {unknown}
 q - a potion of might {unknown}
 r - a potion of mutation {unknown}


   Skills:
 - Level 3.0 Fighting
 + Level 5.0 Long Blades
 + Level 0.8 Throwing
 - Level 1.7 Armour
 - Level 0.8 Dodging
 - Level 2.4 Invocations


You had 4 spell levels left.
You didn't know any spells.
Your spell library was empty.

Dungeon Overview and Level Annotations

Branches:
Dungeon (4/15)
 Temple: D:4-7

Altars:
Nemelex Xobeh
Ru

Annotations:
D:4 Sigmund


Innate Abilities, Weirdness & Mutations

You have a pair of small antennae on your head.
You have very sharp fingernails.
A weak demonic guardian rushes to your aid.


Message History

The bullfrog is heavily wounded.
The bullfrog barely misses you.
You completely miss the bullfrog.
The bullfrog is heavily wounded.
The bullfrog hits you. Something hits you. The bullfrog closely misses you.
You riposte.
You hit the bullfrog but do no damage.
The bullfrog is heavily wounded.
Your shadow imp gestures at the bullfrog.
The bullfrog writhes in agony!
You closely miss the bullfrog.
The bullfrog is almost dead.
The bullfrog barely misses you. Something hits you.
* * * LOW HITPOINT WARNING * * *
The bullfrog hits you but does no damage.
Your shadow imp completely misses the bullfrog.
You closely miss the bullfrog.
The bullfrog is almost dead.
The bullfrog hits you but does no damage.
Your shadow imp hits the bullfrog.
Something hits you!
You die...

#... #...#
#...####...# .
..?.........# ...
#...........##.# .
##...........#..##
..#$................
...............#
..........@.# .
#......5F.#....
#.......{..(...
#...[....(.(...
#......(........
#.........(#.....
#.##?###[.......#
...#... ...###....
..##...##..## ..


You could see a bullfrog and a friendly shadow imp (summoned).

Vanquished Creatures
  Natasha (D:2)
  A worm (D:2)
  2 dart slugs
  3 leopard geckos
  2 orcs (D:3)
  5 bats (D:1)
  4 giant cockroaches
  11 goblins
  7 hobgoblins
  2 jackals (D:1)
  A quokka (D:2)
  3 ball pythons
  A frilled lizard (D:3)
  14 kobolds
  9 rats
66 creatures vanquished.

Vanquished Creatures (collateral kills)
  Edmund (D:4)
  A bat (D:2)
2 creatures vanquished.

Grand Total: 68 creatures vanquished

Notes
Turn   | Place    | Note
-------+----------+-------------------------------------------
     0 | Abyss:1  | nothank2 the Demonspawn Abyssal Knight began the quest for
                  | the Orb.
     0 | Abyss:1  | Reached XP level 1. HP: 18/18 MP: 2/2
    25 | Abyss:1  | Noticed a chaos spawn
    26 | D:1      | Escaped the Abyss
   230 | D:1      | Reached skill level 2 in Long Blades
   264 | D:1      | Reached * piety under Lugonu
   374 | D:1      | Gained mutation: You have sharp fingernails. [demonic
                  | ancestry]
   374 | D:1      | Reached XP level 2. HP: 24/24 MP: 3/3
   601 | D:1      | Reached skill level 3 in Long Blades
   748 | D:1      | Gained mutation: A weak demonic guardian rushes to your
                  | aid. [demonic ancestry]
   748 | D:1      | Reached XP level 3. HP: 29/29 MP: 4/4
  1816 | D:2      | Reached ** piety under Lugonu
  1842 | D:2      | Noticed Natasha
  1851 | D:2      | Killed Natasha
  1852 | D:2      | Gained mutation: You have very sharp fingernails. [demonic
                  | ancestry]
  1852 | D:2      | Reached XP level 4. HP: 4/35 MP: 5/5
  2131 | D:2      | Reached skill level 4 in Long Blades
  2894 | D:3      | Found a sparkling altar of Nemelex Xobeh.
  3077 | D:3      | Found a sacrificial altar of Ru.
  3539 | D:4      | Noticed Edmund
  3550 | D:4      | Killed Edmund
  3551 | D:4      | Reached skill level 5 in Long Blades
  3551 | D:4      | Gained mutation: You have a pair of small antennae on your
                  | head. [demonic ancestry]
  3551 | D:4      | Reached XP level 5. HP: 19/41 MP: 6/6
  3670 | D:4      | Noticed Sigmund
  3690 | D:4      | Slain by Sigmund

Illustrated notes

Levels and vault maps discovered:
D:1:      dpeg_arrival_arbitrary_a, layout_basic
D:2:      layout_basic, serial_glass, glass_columns_a, glass_columns_b,
          item_on_display_a, grunt_ministairs_14, minmay_quadrilaterals,
          uniq_natasha
D:3:      layout_loops_ring, overflow_temple_1_default, nicolae_ru_awakened_eye
D:4:      layout_rooms, kennysheep_little_box,
          nicolae_ossuary_entry_false_entrances, uniq_edmund, uniq_sigmund

Skill      XL: |  1  2  3  4 |
---------------+-------------+-----
Long Blades    | 2 3 5 |  5.0
Fighting       | |  3.0
Throwing       | |  0.8
Armour         | |  1.7
Dodging        | |  0.8
Invocations    | |  2.4

Action                   |  1- 3 |  4- 6 || total
-------------------------+-------+-------++-------
Melee: Falchion          |   101 |    34 ||   135
       Long sword        |       |    50 ||    50
Throw: Dart              |     4 |    13 ||    17
Invok: Depart the Abyss  |     1 |       ||     1
  Use: Scroll            |       |     4 ||     4
Armor: Leather armour    |    21 |     8 ||    29
       Chain mail        |       |    18 ||    18
Dodge: Dodged            |    65 |    48 ||   113
       Rpst.: Falchion   |    20 |     5 ||    25
       Long sword        |       |    12 ||    12
